 Dungeon Crawl Stone Soup version 0.27-a0-1301-g128193abf8 (webtiles) character file.

Game seed: 13479066763696497701

3949 funkygono the Basher (level 10, -4/77 HPs)
             Began as a Formicid Fighter on June 17, 2021.
             Was a Follower of Okawaru.
             Slain by Joseph (12 damage)
             ... on level 7 of the Dungeon.
             The game lasted 00:15:30 (8550 turns).

funkygono the Basher (Formicid Fighter)             Turns: 8550, Time: 00:15:32

Health: -4/77      AC:  8    Str: 25    XL:     10   Next: 45%
Magic:  10/10      EV: 11    Int:  7    God:    Okawaru [*.....]
Gold:   295        SH: 11    Dex: 10    Spells: 8/9 levels left

rFire    . . .     SeeInvis +   a - +2 flail
rCold    . . .     Faith    .   c - +0 kite shield
rNeg     . . .     Spirit   .   b - +0 scale mail
rPois    .         Reflect  .   (helmet unavailable)
rElec    .         Harm     .   (no cloak)
rCorr    +         Rampage  .   (no gloves)
Will     +....                  (no boots)
Stlth    ..........             (no amulet)
HPRegen  0.22/turn              r - ring of resist corrosion
MPRegen  0.12/turn              (no ring)

@: no status effects
A: permanent stasis, dig shafts and tunnels, antennae 3, four strong arms
a: Dig, Shaft Self, Renounce Religion, Heroism


You were on level 7 of the Dungeon.
You worshipped Okawaru.
Okawaru was aware of your devotion.
You visited 2 branches of the dungeon, and saw 8 of its levels.
You also visited: Ossuary.

You collected 295 gold pieces.

Inventory:

Hand Weapons
 a - a +2 flail (weapon)
Missiles
 h - 17 bolts
 i - 61 sling bullets
 l - 2 throwing nets
Armour
 b - a +0 scale mail (worn)
 c - a +0 kite shield (worn)
 t - a +0 ring mail of willpower
Jewellery
 o - a ring of ice
 r - a ring of resist corrosion (left hand)
Wands
 u - a wand of flame (15)
Scrolls
 k - a scroll of magic mapping
 m - a scroll of amnesia {unknown}
 s - a scroll of identify
 v - a scroll of fear
Potions
 d - 2 potions of might
 e - 2 potions of mutation
 f - 4 potions of curing
 g - 2 potions of magic
 j - a potion of heal wounds
 n - a potion of brilliance
 p - a potion of cancellation
 q - 4 potions of lignification


   Skills:
 + Level 6.7 Fighting
 + Level 9.4 Maces & Flails
 + Level 7.4 Armour
 + Level 3.6 Dodging
 + Level 8.0 Shields
 + Level 0.7 Conjurations
 + Level 1.7 Evocations


You had 8 spell levels left.
You knew the following spells:

 Your Spells              Type           Power      Damage    Failure   Level
a - Foxfire               Conj/Fire      0%         2x1d4     71%         1

Your spell library contained the following spells:

 Spells                   Type           Power      Damage    Failure   Level
 Corona                   Hex            0%         N/A       77%         1
 Slow                     Hex            0%         N/A       88%         2
 Conjure Flame            Conj/Fire      0%         6-21      97%         3
 Inner Flame              Hex/Fire       0%         N/A       98%         3
 Portal Projectile        Hex/Tloc       0%         N/A       98%         3
 Cause Fear               Hex            0%         N/A       100%        4
 Leda's Liquefaction      Hex/Erth       0%         N/A       100%        4
 Sticky Flame             Conj/Fire      0%         2d3       100%        4
 Fireball                 Conj/Fire      0%         3d3       100%        5


Dungeon Overview and Level Annotations

Branches:
Dungeon (7/15)             Temple (1/1) D:6         Ossuary (visited)

Altars:
Ashenzari
Cheibriados
Dithmenos
Elyvilon
Fedhas
Gozag
Hepliaklqana
Kikubaaqudgha
Makhleb
Nemelex Xobeh
Okawaru
Qazlal
Ru
Sif Muna
Uskayaw
Vehumet
Wu Jian
Xom
Yredelemnul
Zin
The Shining One

Shops:
D:1 :[[(

Annotations:
D:7 Joseph


Innate Abilities, Weirdness & Mutations

You cannot be hasted, slowed, berserked, paralysed or teleported.
You can dig through walls and to a lower floor.
You have a pair of large antennae on your head. (SInv)
Your four strong arms can wield two-handed weapons with a shield.


Message History

a +0 shortbow; 18 arrows; a centaur corpse You pick up a book of Debilitation and begin reading...
You add the spells Corona, Slow, Portal Projectile, Cause Fear and Leda's Liquefaction to your library.
Okay, then.
Things that are here:
a +0 shortbow; 20 arrows Unknown command.
Found a stone staircase leading down.
You sense a monster nearby.
You sense a monster nearby.
Joseph, a Mercenary comes into view.
He is wielding a +0 spectral quarterstaff.
Joseph shouts!
Joseph unwields a +0 spectral quarterstaff.
Joseph wields a +2 hunting sling of flaming.
It bursts into flame!
Joseph shoots a sling bullet.
The sling bullet hits you! The sling bullet burns you.
A bullfrog comes into view.
The bullfrog gives a loud, deep croak!
You hear a shout!
Joseph shoots a sling bullet.
The sling bullet hits you! The sling bullet burns you.
Joseph shoots a sling bullet.
The sling bullet closely misses you.
The sling bullet closely misses the bullfrog.
The bullfrog hits you but does no damage.
An orc comes into view. It is wielding a +0 mace.
Joseph unwields a +2 hunting sling of flaming.
It stops flaming.
Joseph wields a +0 spectral quarterstaff.
Joseph hits you with a +0 spectral quarterstaff!
Your scale mail prevents you from hitting Joseph.
You block the bullfrog's attack.
Joseph hits you with a +0 spectral quarterstaff!
* * * LOW HITPOINT WARNING * * *
You block the bullfrog's attack.
You hit Joseph.
Joseph is lightly wounded.
The bullfrog hits you!
* * * LOW HITPOINT WARNING * * *
Joseph says, "It's nothing personal, but I have to kill you."
Joseph hits you with a +0 spectral quarterstaff!
You die...

####.................######.#
#..........###...........#
..####....## ###..#####..#
##...# ##.####...# #...
#.......# # ##.# #.....### ..
##..>### .# #.####....#
#...@@F..## #....###.o...
#...# ###.... #..... ...#
..... ..# ..### ### #


You could see Joseph, a bullfrog and an orc.

Vanquished Creatures
  A troll (D:7)
  Grinder (D:6)
  Sigmund (D:6)
  A shadow (D:5)
  Eustachio (D:6)
  Menkaure (D:4)
  A water moccasin (D:7)
  A sky beast (D:6)
  An ice beast (D:5)
  3 necrophages
  3 centaurs (D:7)
  3 ogres
  5 elf zombies (Ossuary)
  4 bullfrogs
  2 scorpions
  A wyvern zombie (D:7)
  A water moccasin zombie (D:6)
  A wyvern skeleton (D:7)
  6 killer bees (D:6)
  3 centaur zombies (Ossuary)
  A hound (D:5)
  2 jellies (D:7)
  A centaur skeleton (D:6)
  4 human zombies (Ossuary)
  Jessica (D:3)
  A bullfrog skeleton (D:6)
  A scorpion zombie (D:5)
  An iguana (D:5)
  An orc wizard (D:4)
  A killer bee zombie (D:5)
  A hound zombie (D:5)
  A hound skeleton (D:4)
  3 mummies (Ossuary)
  11 gnolls
  A howler monkey skeleton (D:6)
  5 adders
  A shadow imp (D:7)
  2 white imps
  An adder skeleton (D:4)
  2 worms (D:2)
  2 dart slugs
  9 orcs
  6 endoplasms
  2 giant cockroaches (D:1)
  6 goblins
  10 hobgoblins
  3 jackals (D:3)
  3 quokkas
  7 ball pythons
  7 bats
  3 frilled lizards
  8 kobolds
  3 rats
152 creatures vanquished.

Vanquished Creatures (others)
  5 fungi (D:1)
  5 plants (D:1)
10 creatures vanquished.

Grand Total: 162 creatures vanquished

Notes
Turn   | Place    | Note
-------+----------+-------------------------------------------
     0 | D:1      | funkygono the Formicid Fighter began the quest for the Orb.
     0 | D:1      | Reached XP level 1. HP: 18/18 MP: 1/1
    33 | D:1      | Found Boutaesm's Armour Shoppe.
   132 | D:1      | Found Xeun Womuke's Antique Weapon Boutique.
   296 | D:1      | Reached XP level 2. HP: 24/24 MP: 2/2
   418 | D:1      | Found Ewaor's Armour Boutique.
   695 | D:1      | Reached XP level 3. HP: 19/29 MP: 3/3
   831 | D:1      | Found a faded altar of an unknown god.
   867 | D:1      | Found Vovuzx Pekif's Book Shop.
  1509 | D:2      | Reached XP level 4. HP: 37/37 MP: 4/4
  2175 | D:2      | Learned a level 1 spell: Foxfire
  2245 | D:3      | Reached skill level 3 in Maces & Flails
  2405 | D:3      | Found a burning altar of Makhleb.
  2591 | D:3      | Reached XP level 5. HP: 24/42 MP: 5/5
  2947 | D:3      | Found a faded altar of an unknown god.
  2948 | D:3      | Noticed Jessica
  2949 | D:3      | Found a hazy altar of Hepliaklqana.
  2958 | D:3      | Killed Jessica
  2959 | D:3      | Reached skill level 1 in Dodging
  3266 | D:4      | Found a sand-covered staircase.
  3310 | Ossuary  | Entered an ossuary
  3324 | Ossuary  | Reached XP level 6. HP: 44/48 MP: 6/6
  3358 | Ossuary  | Reached skill level 4 in Maces & Flails
  3358 | Ossuary  | Reached skill level 5 in Shields
  3374 | Ossuary  | Reached XP level 7. HP: 38/54 MP: 7/7
  3544 | Ossuary  | Reached skill level 5 in Maces & Flails
  3725 | Ossuary  | Reached skill level 6 in Maces & Flails
  3725 | Ossuary  | Reached XP level 8. HP: 35/61 MP: 8/8
  3870 | D:4      | Found a stormy altar of Qazlal.
  4037 | D:4      | Reached skill level 5 in Fighting
  4201 | D:4      | Noticed Eustachio
  4349 | D:4      | Reached skill level 5 in Armour
  4419 | D:4      | Noticed Menkaure
  4428 | D:4      | Killed Menkaure
  4657 | D:4      | Found a sparkling altar of Nemelex Xobeh.
  4763 | D:5      | Entered Level 5 of the Dungeon
  4837 | D:5      | Noticed a shadow
  4859 | D:5      | Killed a shadow
  4860 | D:5      | Reached skill level 7 in Maces & Flails
  5066 | D:5      | Reached XP level 9. HP: 64/68 MP: 9/9
  5661 | D:5      | Upgraded the game from 0.27-a0-1299-g1ab19c6527 to
                  | 0.27-a0-1301-g128193abf8
  5884 | D:6      | Killed Eustachio
  5981 | D:6      | Reached skill level 8 in Maces & Flails
  6202 | D:6      | Found a staircase to the Ecumenical Temple.
  6236 | Temple   | Entered the Ecumenical Temple
  6347 | Temple   | Became a worshipper of Warmaster Okawaru
  6447 | D:6      | Noticed Grinder
  6462 | D:6      | Killed Grinder
  6579 | D:6      | Noticed Sigmund
  6594 | D:6      | Killed Sigmund
  6595 | D:6      | Reached skill level 9 in Maces & Flails
  6595 | D:6      | Reached XP level 10. HP: 76/76 MP: 10/10
  7088 | D:6      | Reached * piety under Okawaru
  7089 | D:6      | Reached skill level 1 in Evocations
  7598 | D:7      | Found a snail-covered altar of Cheibriados.
  7598 | D:7      | Found a glowing golden altar of the Shining One.
  8544 | D:7      | Noticed Joseph
  8550 | D:7      | Slain by Joseph

Illustrated notes

Levels and vault maps discovered:
D:1:      minmay_arrival_cross, layout_loops_ring, serial_shops, shop_fountains,
          shop, nicolae_lakefront_shop, nicolae_shop_behind_doors,
          shapermc_ecumenical_altar_mp_ritualfount
D:2:      layout_loops_ring, minmay_circle_x
D:3:      layout_loops_ring, lemuel_doored_altar,
          beargit_hepliaklqana_dungeon_heroes, minmay_curled_crystal
D:4:      layout_cave_pools, grunt_qazlal_sundering,
          nemelex_xobeh_ov_fountains_minmay,
          lightli_ossuary_entry_decrepit_ruins, uniq_eustachio, uniq_menkaure
D:5:      layout_basic, dk_vineyard_1, st_stairs_8, minmay_statues_item
D:6:      layout_loops_ring, minmay_temple_entry_hall, uniq_grinder,
          uniq_sigmund
D:7:      layout_layer_cave, gammafunk_temple_overflow_wave, uniq_joseph
Temple:   regret_index_temple_waves

Skill      XL: |  1  2  3  4  5  6  7  8  9 10 |
---------------+-------------------------------+-----
Shields        | 4 5 6 7 8 |  8.0
Armour         | 4 5 6 7 |  7.4
Maces & Flails | 3 4 6 7 9 |  9.4
Fighting       | 4 5 6 |  6.7
Dodging        | 1 2 3 |  3.6
Evocations     | 1 |  1.7
Conjurations   | |  0.7

Action                   |  1- 3 |  4- 6 |  7- 9 | 10-12 || total
-------------------------+-------+-------+-------+-------++-------
Melee: Flail             |   137 |   183 |   352 |    89 ||   761
Invok: Heroism           |       |       |       |     2 ||     2
Evoke: Wand              |       |       |     1 |    16 ||    17
  Use: Scroll            |     2 |     5 |     7 |     3 ||    17
       Potion            |       |       |       |     5 ||     5
Armor: Scale mail        |    60 |    91 |   102 |    43 ||   296
Dodge: Dodged            |    47 |    72 |   114 |    68 ||   301
Block: Kite shield       |    75 |   109 |   181 |    91 ||   456

Table legend: (Time is in decaauts)
 A = Elapsed time spent in this place.
 B = Non-inter-level travel time spent in this place.
 C = Inter-level travel time spent in this place.
 D = Time resting spent in this place.
 E = Time spent auto-exploring this place.
 F = Levels seen in this place.
 G = Mean time per level.
                   A        B        C        D        E       F      G
               +--------+--------+--------+--------+--------+-----+--------+
         Total |   8747 |   8612 |    135 |    649 |   6155 |   9 |  971.9 |
       Dungeon |   7998 |   7878 |    120 |    649 |   5677 |   7 | 1142.6 |
        Temple |    151 |    137 |     14 |      0 |    128 |   1 |  151.0 |
       Ossuary |    597 |    597 |      0 |      0 |    349 |   1 |  597.0 |
               +--------+--------+--------+--------+--------+-----+--------+

Top non-repeatable levels by time:
     D:6: 1411 daAuts
     D:7: 1310 daAuts
     D:1: 1197 daAuts
     D:2: 1088 daAuts
     D:3: 1071 daAuts
     D:4: 985 daAuts
     D:5: 934 daAuts
 Ossuary: 597 daAuts
  Temple: 151 daAuts
